 Dungeon Crawl Stone Soup version 0.21-a0-104-g7b58145 (webtiles) character file.

4654 Leszczynek the Grappler (level 10, -12/93 HPs)
             Began as a Troll Monk on July 6, 2017.
             Was a Believer of Hepliaklqana.
             Mangled by a four-headed hydra (17 damage)
             ... on level 8 of the Dungeon.
             The game lasted 00:24:32 (4624 turns).

Leszczynek the Grappler (Troll Monk)                Turns: 4624, Time: 00:24:32

Health: -12/93     AC:  8    Str: 21    XL:     10   Next: 20%
Magic:  0/9        EV: 13    Int:  6    God:    Hepliaklqana [**....]
Gold:   452        SH:  0    Dex: 15    Spells: 5/9 levels left

rFire    . . .     SeeInvis .     - Unarmed
rCold    . . .     Gourm    +   (no shield)
rNeg     . . .     Faith    .   A - +2 robe {MR+}
rPois    +         Spirit   +   y - +1 hat
rElec    .         Reflect  .   a - scarf {Spirit}
rCorr    .         Harm     .   (gloves unavailable)
MR       +....                  (boots unavailable)
Stlth    ++........             (no amulet)
HPRegen  0.65/turn              h - ring of poison resistance
MPRegen  0.11/turn              x - ring of flight

@: no status effects
A: unfitting armour, reduced essence, claws 3, fast metabolism 3, gourmand,
regeneration 1, shaggy fur 1, tough skin 2
a: Recall Ancestor, Ancestor Identity, Renounce Religion, Evoke Flight


You were on level 8 of the Dungeon.
You worshipped Hepliaklqana.
Hepliaklqana was pleased with you.
You were full.

You visited 2 branches of the dungeon, and saw 9 of its levels.

You collected 452 gold pieces.

Inventory:

Armour
 a - a scarf of spirit shield (worn)
 y - a +1 hat (worn)
 A - a +2 robe of magic resistance (worn)
Jewellery
 h - a ring of poison resistance (left claw)
 x - a ring of flight (right claw)
Scrolls
 b - 2 scrolls of recharging
 c - a scroll of fog
 e - a scroll of identify {@r1}
 g - 2 scrolls of enchant weapon {unknown}
 n - 4 scrolls of teleportation
 q - a scroll of magic mapping {unknown}
 s - 2 scrolls of remove curse {unknown}
 B - 3 scrolls of immolation {unknown}
Potions
 f - a potion of agility
 i - a potion of brilliance
 j - 2 potions of berserk rage {!q}
 l - 4 potions of curing {unknown}
 o - 3 potions of flight
 p - 2 potions of magic {unknown}
 r - 2 potions of mutation {unknown}
 u - a potion of heal wounds {unknown}
 v - 2 potions of haste
 z - a potion of lignification {unknown}
Books
 w - a book of Burglary

   Spells                             Type                      Level
   a - Swiftness                      Charms/Air                   2
   b - Passwall                       Transmutation/Earth          2
   c - Passage of Golubria            Translocation                4
   d - Lee's Rapid Deconstruction     Earth                        5
   e - Darkness                       Hexes                        6
   f - Invisibility                   Hexes                        6
Comestibles
 d - 6 bread rations
 k - a meat ration
 m - 9 royal jellies
 t - 6 chunks of flesh
 C - 12 fruits


   Skills:
 + Level 7.7 Fighting
 + Level 5.6 Dodging
 - Level 1.0 Stealth
 - Level 11.0 Unarmed Combat


You had 5 spell levels left.
You knew the following spells:

 Your Spells              Type           Power        Failure   Level  Hunger
a - Passwall              Tmut/Erth      #.........   58%         2    ###....
P - Swiftness             Chrm/Air       #.......     58%         2    ###....


Dungeon Overview and Level Annotations

Branches:
Dungeon (8/15)             Temple (1/1) D:7
   Lair: D:8-11

Altars:
Ashenzari
Cheibriados
Dithmenos
Elyvilon
Fedhas
Gozag
Hepliaklqana
Kikubaaqudgha
Makhleb
Nemelex Xobeh
Okawaru
Qazlal
Ru
Sif Muna
Trog
Uskayaw
Vehumet
Wu Jian
Xom
Yredelemnul
Zin
The Shining One

Annotations:
D:6 orc f


Innate Abilities, Weirdness & Mutations

You are too large for most types of armour.
You have claws for hands.
Your metabolism is lightning-fast.
You like to eat raw meat.
Your natural rate of healing is unusually fast.
You are covered in fur. (AC +1)
You have very tough skin. (AC +2)
Your life essence is reduced to manifest your ancestor. (-10% HP)


Message History

The puff of frost hits the four-headed hydra.
The four-headed hydra misses you. The four-headed hydra bites you!
The four-headed hydra bites you.
The four-headed hydra barely misses you.
The big kobold closely misses Ealamassi.
Ealamassi gestures at the four-headed hydra while chanting.
The puff of frost hits the four-headed hydra.
The four-headed hydra bites you! x2
* * * LOW HITPOINT WARNING * * *
The four-headed hydra bites you.
* * * LOW HITPOINT WARNING * * *
The four-headed hydra bites you but does no damage.
The big kobold closely misses Ealamassi.
Ealamassi completely misses the four-headed hydra.
Something barely misses Ealamassi.
The four-headed hydra bites you but does no damage.
The four-headed hydra bites you!
* * * LOW HITPOINT WARNING * * *
The four-headed hydra bites you!
You die...

# #.# #.....K.../...# #
#.# ##.##########.# #
#.# #.# #.# # #.# #.###
#.# # #.# #.K.# #K#
#.##########.##### #.#
#####.รท.........R....#
#.#
.....).#########D###.#
#.# ######.# #####@#
#.# #.# #.# #.....#
#.####.# #K# #.#####
#.K....# #.# #.#
#####..# #.# #.# #..#
#.# #.# #..# #.# #.#
#..# #<# #.# ###..# #.#
#.# #....#


You could see the friendly Ealamassi the battlemage, a four-headed hydra and a
big kobold.

Vanquished Creatures
  Pikel (D:6)
  2 dream sheep (D:8)
  A hippogriff (D:6)
  A yak (D:8)
  Duvessa (D:7)
  An orc warrior (D:7)
  A phantom (Temple)
  2 sky beasts
  2 big kobolds (D:8)
  3 bullfrogs
  3 scorpions
  9 killer bees
  A crimson imp (D:5)
  A hound (D:6)
  2 jellies
  4 orc priests
  6 orc wizards
  2 worker ants (D:5)
  3 hound skeletons
  A worker ant zombie (D:6)
  6 adders
  A shadow imp (D:5)
  An ooze (D:4)
  An adder zombie (D:5)
  2 adder skeletons (D:4)
  4 dart slugs
  3 worms
  3 leopard geckos
  22 orcs
  3 bats
  4 goblins
  5 hobgoblins
  8 jackals
  3 quokkas
  5 frilled lizards
  4 kobolds
  A leopard gecko skeleton (D:5)
  A leopard gecko zombie (D:5)
  A rat (D:2)
125 creatures vanquished.

Vanquished Creatures (collateral kills)
  Erica (D:8)
  A two-headed ogre (D:8)
  A yak (D:8)
  A sky beast (D:8)
  An orc warrior (Temple)
  An orc (Temple)
6 creatures vanquished.

Vanquished Creatures (others)
  4 slaves (D:7)
  A centaur (D:7)
  Dowan (D:7)
  2 battlemagi
  An orc (D:7)
9 creatures vanquished.

Grand Total: 140 creatures vanquished

Notes
Turn   | Place    | Note
-------+----------+-------------------------------------------
     0 | D:1      | Leszczynek the Troll Monk began the quest for the Orb.
     0 | D:1      | Reached XP level 1. HP: 22/22 MP: 0/0
     0 | D:1      | ok, TRUE melee troll
     0 | D:1      | let's go
    11 | D:1      | no wands, no ranged weapons, god abilities like Makhleb's destruction are allowed I GUESS
    36 | D:1      | oh, and TLA or robes only
    49 | D:1      | i wonder if oka will be good or should i go with somethign else then
   127 | D:1      | hm
   127 | D:1      | but how do i kill hydras then
   127 | D:1      | i guess i have to go with makhleb
   166 | D:1      | Reached XP level 2. HP: 25/29 MP: 1/1
   288 | D:1      | oh, and no AC/EV rings
   417 | D:2      | Reached skill level 4 in Unarmed Combat
   496 | D:2      | Reached XP level 3. HP: 27/36 MP: 2/2
   552 | D:2      | hm
   552 | D:2      | if i use animate skeleton, ozo armor and regeneration, that's still melee, right?
  1516 | D:4      | Reached skill level 5 in Unarmed Combat
  1516 | D:4      | Reached XP level 4. HP: 44/44 MP: 3/3
  1821 | D:4      | Reached XP level 5. HP: 50/50 MP: 4/4
  1870 | D:4      | Learned a level 2 spell: Passwall
  1873 | D:4      | Learned a level 2 spell: Swiftness
  1965 | D:4      | Reached skill level 6 in Unarmed Combat
  1984 | D:5      | Entered Level 5 of the Dungeon
  2234 | D:5      | Reached XP level 6. HP: 51/59 MP: 5/5
  2253 | D:5      | Reached skill level 7 in Unarmed Combat
  2512 | D:6      | Found a stormy altar of Qazlal.
  2679 | D:6      | Noticed a sky beast
  2691 | D:6      | Killed a sky beast
  2691 | D:6      | Reached skill level 8 in Unarmed Combat
  2691 | D:6      | Reached XP level 7. HP: 58/66 MP: 6/6
  2860 | D:6      | Reached skill level 3 in Fighting
  3172 | D:7      | Noticed Duvessa
  3172 | D:7      | Noticed Dowan
  3176 | D:7      | Noticed Pikel
  3178 | D:6      | Reached skill level 4 in Fighting
  3208 | D:7      | Noticed a hippogriff
  3211 | D:7      | HP: 10/70 [hippogriff (8)]
  3310 | D:6      | Killed a hippogriff
  3438 | D:7      | Found a staircase to the Ecumenical Temple.
  3451 | D:6      | Reached skill level 5 in Fighting
  3451 | D:6      | Reached XP level 8. HP: 61/80 MP: 7/7
  3524 | D:6      | Killed Pikel
  3524 | D:6      | Reached skill level 6 in Fighting
  3557 | D:7      | Killed Dowan
  3558 | D:7      | Killed Duvessa
  3613 | Temple   | Entered the Ecumenical Temple
  3614 | Temple   | ok, oka or makhleb?
  3614 | Temple   | or ru
  3614 | Temple   | but ru only gives apocalypse
  3614 | Temple   | so i dunno
  3627 | Temple   | or hep?
  3627 | Temple   | hm
  3719 | Temple   | Became a worshipper of Hepliaklqana the Forgotten
  3719 | Temple   | Reached * piety under Hepliaklqana
  3719 | Temple   | Reached ** piety under Hepliaklqana
  3720 | Temple   | Remembered your ancestor Ealamassi as a battlemage
  3721 | Temple   | ok, let's go with a battlemage
  3721 | Temple   | or is this NOT A MELEE TROLL too?
  3721 | Temple   | inb4 it is
  3741 | Temple   | Reached skill level 7 in Fighting
  3840 | D:7      | Reached skill level 3 in Dodging
  3840 | D:7      | Reached XP level 9. HP: 68/83 MP: 8/8
  3958 | D:7      | Reached skill level 9 in Unarmed Combat
  4013 | D:7      | which wands can i use anyway
  4013 | D:7      | digging
  4013 | D:7      | are hexes allowed?
  4013 | D:7      | or is it NOT MELEE
  4127 | D:8      | Noticed Erica
  4135 | D:8      | Killed Erica
  4135 | D:8      | Reached skill level 4 in Dodging
  4135 | D:8      | Reached skill level 10 in Unarmed Combat
  4192 | D:8      | Found a hide-covered altar of Uskayaw.
  4200 | D:8      | Noticed a hand axe
  4200 | D:8      | Noticed a hand axe
  4200 | D:8      | Noticed a two-headed ogre
  4210 | D:8      | Killed a two-headed ogre
  4237 | D:8      | Found a blossoming altar of Fedhas.
  4267 | D:8      | Found a shattered altar of Ashenzari.
  4267 | D:8      | Found a glowing golden altar of the Shining One.
  4272 | D:8      | Reached skill level 11 in Unarmed Combat
  4274 | D:8      | Reached skill level 5 in Dodging
  4274 | D:8      | Reached XP level 10. HP: 85/91 MP: 6/9
  4387 | D:8      | Found a basalt altar of Yredelemnul.
  4546 | D:8      | Noticed a three-headed hydra
  4622 | D:8      | HP: 15/93 [four-headed hydra (4)]
  4624 | D:8      | HP: 5/93 [four-headed hydra (11)]
  4624 | D:8      | Mangled by a four-headed hydra

Vault maps used:
D:1:      lemuel_arrival_cross
D:3:      first_bread
D:4:      chequers_big_river
D:6:      hex_medium, grunt_qazlal_sundering
D:7:      minmay_temple_entry_water_ring, uniq_duvessa, uniq_pikel
D:8:      lemuel_round_altar, grunt_temple_overflow_open,
          dancing_weapons_uskayaw, basic_altar, serial_shops,
          kennysheep_mini_moat, hangedman_ranch, nicolae_elemental_shop,
          uniq_maurice, uniq_erica
Temple:   eino_narrow_crystal_temple

Skill      XL: |  1  2  3  4  5  6  7  8  9 |
---------------+----------------------------+-----
Unarmed Combat | 4 5 6 8 11 | 11.0
Fighting       | 5 7 |  7.7
Dodging        | 3 5 |  5.6
Stealth        | |  1.0

Action                   |  1- 3 |  4- 6 |  7- 9 | 10-12 || total
-------------------------+-------+-------+-------+-------++-------
Melee: Unarmed           |    87 |   104 |   151 |    22 ||   364
       Punch             |     2 |     2 |     5 |       ||     9
Invok: Ancestor Life: Ba |       |       |     1 |       ||     1
  Use: Scroll            |     4 |     1 |     3 |       ||     8
 Stab: Sleeping          |     1 |     4 |     2 |       ||     7
       Distracted        |       |       |     2 |     1 ||     3
  Eat: Chunk             |    16 |    12 |    17 |       ||    45
Armor: Robe              |    27 |    22 |    43 |     9 ||   101
Dodge: Dodged            |    48 |    35 |   102 |    23 ||   208
